AoeStats
← DGGMaster

Arabia

509454651Analyzed
3v3 RM · 5d ago on Sep 26, 2026· 47m 59s· 6 players
Game mode
Random Map
Map size
Normal (6 player)
Population
200
Speed
Normal
Resources
Standard
Victory
Conquest
Starting age
Dark Age
Ending age
Imperial Age
RankedLock teamsTeams togetherTeam positionsShared explorationLock speedFull tech treeHidden civsTurbo modeCheats
Victory
Defeat
🇳🇱 Saracens · Netherlands
1070
+17
🇳🇱 Britons · Netherlands
1043
+18
🇳🇱 Burgundians · Netherlands
1042
+18
🇮🇹 Magyars · Italy
1133
-19
🇮🇹 Saxons · Italy
1109
-19
🇮🇹 Cumans · Italy
1017
-15
bluemaster
8:23 Loom
10:10 Feudal Age
8:51 Double-Bit Axe
10:43 Horse Collar
20:31 Castle Age
19:11 Gold Mining
19:48 Heavy Plow
19:55 Scale Barding Armor
21:02 Fishing Lines
20:45 Cavalier
22:22 Chain Barding Armor
22:53 Husbandry
23:39 Forging
24:38 Stone Mining
25:53 Wheelbarrow
25:38 Town Watch
28:36 Stone Shaft Mining
28:52 Bow Saw
30:18 Iron Casting
33:45 Imperial Age
32:47 Hand Cart
34:49 Conscription
33:50 Paladin
35:50 Plate Barding Armor
37:06 Blast Furnace
37:46 Light Cavalry
39:03 Gold Shaft Mining
39:13 Padded Archer Armor
39:04 Fletching
38:42 Hussar
40:22 Town Patrol
41:24 Crop Rotation
42:10 Chemistry
41:26 Burgundian Vineyards
40:45 Elite Skirmisher
41:56 Leather Archer Armor
43:10 Bodkin Arrow
43:15 Scale Mail Armor
44:39 Squires
44:01 Pikeman
46:01 Bracer
46:17 Chain Mail Armor
46:24 Ballistics
45:49 Halberdier
47:09 Arson
TomatoMaster
2:17 Loom
9:41 Feudal Age
10:54 Double-Bit Axe
12:55 Horse Collar
23:11 Castle Age
22:25 Fletching
22:36 Padded Archer Armor
23:14 Crossbowman
24:08 Heavy Plow
24:21 Bow Saw
23:43 Pikeman
28:27 Stone Mining
28:55 Bodkin Arrow
31:43 Gold Mining
37:32 Gold Shaft Mining
40:51 Imperial Age
38:59 Wheelbarrow
38:10 Town Watch
39:32 Ballistics
40:24 Yeomen
40:45 Leather Archer Armor
41:56 Conscription
41:39 Warwolf
41:08 Arbalester
41:09 Elite Skirmisher
44:15 Chemistry
43:42 Squires
43:23 Halberdier
43:49 Arson
45:32 Two-Man Saw
44:13 Elite Longbowman
44:24 Capped Ram
45:22 Bracer
46:39 Scale Mail Armor
46:50 Forging
47:11 Ring Archer Armor
DGGMaster
6:52 Loom
10:03 Feudal Age
19:06 Castle Age
19:02 Horse Collar
19:47 Bloodlines
23:33 Husbandry
26:02 Forging
29:02 Town Watch
29:00 Horse Collar
29:19 Double-Bit Axe
30:27 Iron Casting
35:22 Imperial Age
34:13 Scale Barding Armor
35:25 Elite Mameluke
37:33 Conscription
40:46 Blast Furnace
40:25 Pikeman
Micchan
7:28 Loom
9:42 Feudal Age
15:41 Double-Bit Axe
15:52 Horse Collar
21:48 Castle Age
20:25 Gold Mining
20:49 Fletching
21:02 Padded Archer Armor
23:42 Bow Saw
24:45 Heavy Plow
25:43 Crossbowman
30:53 Bodkin Arrow
32:46 Wheelbarrow
32:42 Stone Mining
34:02 Hand Cart
37:02 Gold Shaft Mining
36:51 Hand Cart
36:24 Town Watch
43:01 Scale Barding Armor
45:43 Imperial Age
43:57 Bloodlines
43:47 Husbandry
43:58 Thumb Ring
44:41 Chain Barding Armor
46:55 Cavalier
Minops
11:43 Feudal Age
10:26 Loom
14:24 Double-Bit Axe
17:13 Castle Age
18:38 Horse Collar
20:22 Squires
21:41 Bow Saw
23:52 Heavy Plow
25:09 Arson
26:15 Scale Mail Armor
26:25 Forging
27:46 Stone Mining
27:48 Gold Mining
31:05 Wheelbarrow
30:51 Elite Skirmisher
31:37 Town Watch
32:27 Chain Mail Armor
32:47 Iron Casting
34:10 Hand Cart
34:08 Gambesons
34:58 Padded Archer Armor
37:53 Imperial Age
35:44 Thumb Ring
39:08 Crop Rotation
39:42 Two-Man Saw
38:49 Padded Archer Armor
39:25 Iron Casting
38:41 Fletching
38:56 Elite Varangian Guard
40:48 Plate Mail Armor
40:56 Conscription
39:57 Shield Wall
40:42 Treadmill Crane
44:54 Pikeman
47:13 Gold Shaft Mining
47:12 Scale Barding Armor
46:35 Onager
47:04 Halberdier
GoddoG
8:25 Loom
11:29 Feudal Age
17:35 Double-Bit Axe
21:24 Horse Collar
25:21 Castle Age
24:11 Gold Mining
25:05 Forging
25:01 Scale Barding Armor
29:22 Wheelbarrow
30:09 Bloodlines
30:09 Light Cavalry
30:50 Fletching
34:54 Heavy Plow
39:27 Imperial Age
37:51 Chain Barding Armor
39:24 Iron Casting
40:31 Hand Cart
42:30 Cavalier
44:35 Plate Barding Armor
48:06 Steppe Husbandry
Connection lost

Rejoining the realm…

Still unreachable

The connection could not be restored.

Session expired

The server has moved on; the page needs a fresh start.